 Dungeon Crawl Stone Soup version 0.19.0-22-gd96e5fe (webtiles) character file.

149 Haldmier the Grave Robber (level 5, -4/35 HPs)
             Began as a Formicid Necromancer on Nov 19, 2016.
             Slain by an adder (5 damage)
             ... on level 3 of the Dungeon.
             The game lasted 00:12:02 (2853 turns).

Haldmier the Grave Robber (Formicid Necromancer)    Turns: 2853, Time: 00:12:03

Health: -4/35      AC:  2    Str: 13    XL:     5   Next: 57%
Magic:  0/8        EV: 12    Int: 15    God:
Gold:   99         SH:  0    Dex: 11    Spells: 3 memorised, 3 levels left

rFire  . . .     SeeInvis +     i - -3 spear (curse)
rCold  . . .     Gourm    .     a - +0 robe
rNeg   . . .     Faith    .     (no shield)
rPois  .         Spirit   .     (helmet unavailable)
rElec  .         Reflect  .     (no cloak)
rCorr  .         Harm     .     (no gloves)
MR     .....                    (no boots)
Stlth  ++........               (no amulet)
                                (no ring)
                                (no ring)

@: lethally poisoned (-4 -> -4), regenerating
A: permanent stasis, dig shafts and tunnels, four strong arms, antennae 3
a: Dig, Shaft Self


You were on level 3 of the Dungeon.
You were hungry.

You visited 1 branch of the dungeon, and saw 3 of its levels.

You collected 99 gold pieces.

Inventory:

Hand Weapons
 f - a +0 whip
 i - a cursed -3 spear (weapon)
 p - a +0 short sword
 r - a +0 long sword
 w - a +0 hand axe
Missiles
 e - 120 stones (quivered)
Armour
 a - a +0 robe (worn)
 o - a +0 ring mail
 x - a +0 scale mail
Scrolls
 d - a scroll of magic mapping {unknown}
 g - a scroll of enchant weapon {unknown}
 l - a scroll of teleportation {unknown}
 m - a scroll of identify {unknown}
 t - a scroll of amnesia {unknown}
 u - a scroll of remove curse {unknown}
Potions
 j - a potion of curing {unknown}
 n - 4 potions of heal wounds {unknown}
 q - 2 potions of agility {unknown}
 v - a potion of might {unknown}
Books
 b - a book of Necromancy

   Spells                             Type                      Level
   a - Pain                           Necromancy                   1
   b - Animate Skeleton               Necromancy                   1
   c - Vampiric Draining              Necromancy                   3
   d - Regeneration                   Charms/Necromancy            3
   e - Animate Dead                   Necromancy                   4
   f - Control Undead                 Necromancy                   4
Comestibles
 c - a bread ration
 h - 5 fruits
 k - a meat ration
 s - 6 chunks of flesh


   Skills:
 - Level 1.7 Dodging
 - Level 2.4 Stealth
 - Level 2.1 Spellcasting
 + Level 2.7 Charms
 + Level 5.6 Necromancy


You had 3 spell levels left.
You knew the following spells:

 Your Spells              Type           Power        Failure   Level  Hunger
a - Pain                  Necr           ###.         1%          1    #......
b - Animate Skeleton      Necr           N/A          1%          1    #......
c - Regeneration          Chrm/Necr      ##........   14%         3    ###....


Dungeon Overview and Level Annotations

Branches:
Dungeon (3/15)

Altars:
Qazlal
Xom

Annotations:
D:2 Natasha, Sigmund


Innate Abilities, Weirdness & Mutations

You are under a permanent stasis effect.
You can dig through walls and to a lower floor.
Your four strong arms can wield two-handed weapons with a shield.
You have a pair of large antennae on your head. (SInv)


Message History

Aiming: Pain
Press: ? - help, Shift-Dir - straight line, f/p - adder
Aim: an adder (heavily wounded, chance to defeat MR: 84%)
The adder barely resists.
The adder bites you.
* * * LOW HITPOINT WARNING * * *
You are poisoned.
The adder poisons you! The adder bites you.
* * * LOW HITPOINT WARNING * * *
Casting: Pain
Confirm with . or Enter, or press ? or * to list all spells.
Aiming: Pain
Press: ? - help, Shift-Dir - straight line, f/p - adder
Aim: an adder (heavily wounded, chance to defeat MR: 84%)
Okay, then.
Casting: Pain
Confirm with . or Enter, or press ? or * to list all spells.
Your skin crawls.
* * * LOW HITPOINT WARNING * * *
You feel sick. The adder bites you.
You die...

... ........#
.... ........#
. #.. #..=....#
..##.##.......#
.............#
#...........#
#........#
#..........
#@S........
#..........
#..........
#######....
.... ...


You could see an adder.

Vanquished Creatures
  Natasha (twice) (D:2)
  Robin (D:2)
  3 adders (D:2)
  A worm (D:2)
  3 leopard geckos
  6 bats
  2 giant cockroaches
  8 goblins
  6 hobgoblins
  6 jackals
  6 kobolds
  5 frilled lizards
  6 rats
55 creatures vanquished.

Vanquished Creatures (collateral kills)
  3 goblins
  A bat (D:1)
  A frilled lizard (D:1)
5 creatures vanquished.

Grand Total: 60 creatures vanquished

Notes
Turn   | Place    | Note
-------+----------+-------------------------------------------
     0 | D:1      | Haldmier the Formicid Necromancer began the quest for the Orb.
     0 | D:1      | Reached XP level 1. HP: 13/13 MP: 3/3
    55 | D:1      | Learned a level 1 spell: Animate Skeleton
   303 | D:1      | Reached XP level 2. HP: 16/19 MP: 0/5
   749 | D:1      | Reached XP level 3. HP: 17/24 MP: 6/6
   771 | D:1      | Learned a level 3 spell: Regeneration
  1376 | D:2      | Reached skill level 1 in Charms
  1621 | D:2      | Noticed Natasha
  1632 | D:2      | Killed Natasha
  1632 | D:2      | Reached skill level 5 in Necromancy
  1632 | D:2      | Reached XP level 4. HP: 3/30 MP: 0/7
  1773 | D:2      | Noticed Sigmund
  2124 | D:2      | Found a stormy altar of Qazlal.
  2126 | D:2      | Found a shimmering altar of Xom.
  2129 | D:2      | Noticed Robin
  2479 | D:2      | Killed Robin
  2479 | D:2      | Reached XP level 5. HP: 26/35 MP: 1/8
  2770 | D:2      | Noticed Natasha
  2780 | D:2      | Killed Natasha
  2781 | D:2      | Noticed Natasha
  2852 | D:3      | HP: 1/35 [adder (5)]
  2853 | D:3      | Slain by an adder

Skill      XL: |  1  2  3  4 |
---------------+-------------+-----
Charms         | 1 2 |  2.7
Necromancy     | 5 |  5.6
Dodging        | |  1.7
Stealth        | |  2.4
Spellcasting   | |  2.1

Action                   |  1- 3 |  4- 6 || total
-------------------------+-------+-------++-------
Melee: Whip              |    33 |     3 ||    36
       Spear             |       |    13 ||    13
 Cast: Pain              |    59 |    57 ||   116
       Animate Skeleton  |     8 |    11 ||    19
       Regeneration      |     2 |     5 ||     7
 Stab: Sleeping          |     1 |       ||     1
  Eat: Chunk             |     4 |     5 ||     9
Armor: Robe              |    11 |     7 ||    18
Dodge: Dodged            |    41 |    32 ||    73
